 Dungeon Crawl Stone Soup version 0.30-a0-913-g9934a0ce24 (webtiles) character file.

Game seed: 8147271448361088210

8185 billz999 the Skirmisher (level 11, -11/86 HPs)
             Began as a Gnoll Hunter on Mar 20, 2023.
             Was a Believer of Kikubaaqudgha.
             Mangled by Erolcha
             ... wielding a +0 giant club
              (28 damage)
             ... on level 10 of the Dungeon.
             The game lasted 00:25:39 (10507 turns).

billz999 the Skirmisher (Gnoll Hunter)             Turns: 10507, Time: 00:25:39

Health: -11/86     AC:  7    Str: 11    XL:     11   Next: 26%
Magic:  6/20       EV: 15    Int: 15    God:    Kikubaaqudgha [**....]
Gold:   337        SH:  0    Dex: 16    Spells: 18/22 levels left

rFire   . . .      SeeInvis .    b - staff of earth
rCold   . . .      Faith    .    (no shield)
rNeg    . . .      Spirit   .    c - +0 leather armour
rPois   .          Reflect  .    y - +1 helmet {Int+3}
rElec   .          Rampage  .    F - +0 cloak
rCorr   .                        (no gloves)
Will    +....                    (no boots)
Stlth   +++                      u - amulet of magic regeneration
HPRegen 0.34/turn                e - +4 ring of slaying
MPRegen 0.57/turn                I - ring of willpower

@: no status effects
A: fangs 1, strong nose, distributed training
a: Renounce Religion, Unearth Wretches


You were on level 10 of the Dungeon.
You worshipped Kikubaaqudgha.
Kikubaaqudgha was pleased with you.
You visited 2 branches of the dungeon, and saw 11 of its levels.

You collected 518 gold pieces.
You spent 181 gold pieces at shops.

Inventory:

Hand Weapons
 a - a +2 shortbow of freezing
Missiles
 n - a throwing net
Armour
 c - a +0 leather armour (worn)
 y - a +1 helmet of intelligence (worn)
 F - a +0 cloak (worn)
Magical Staves
 b - a staff of earth (weapon)
Jewellery
 e - a +4 ring of slaying (left hand)
 f - an amulet of guardian spirit
 u - an amulet of magic regeneration (around neck)
 G - an amulet of regeneration
 I - a ring of willpower (right hand)
Wands
 r - a wand of digging (7)
 s - a wand of roots (3)
Scrolls
 d - 4 scrolls of teleportation
 h - a scroll of enchant armour
 m - 2 scrolls of identify
 t - 2 scrolls of butterflies
 v - a scroll of silence
 w - 4 scrolls of poison
 A - 3 scrolls of blinking
 B - a scroll of fog
 D - 6 scrolls of immolation
 H - a scroll of enchant weapon {unknown}
Potions
 g - 4 potions of curing
 i - a potion of degeneration {unknown}
 j - 3 potions of mutation {unknown}
 k - 2 potions of magic {unknown}
 l - 2 potions of might {unknown}
 o - 2 potions of haste {unknown}
 p - a potion of resistance {unknown}
 q - 3 potions of brilliance {unknown}
 x - 3 potions of cancellation {unknown}
 z - 2 potions of flight {unknown}
 C - 2 potions of attraction {unknown}
 E - 2 potions of heal wounds {unknown}
 J - a potion of lignification {unknown}


   Skills:
 + Level 7.9 Fighting
 + Level 6.3 Short Blades
 + Level 6.3 Long Blades
 + Level 6.3 Axes
 + Level 6.3 Maces & Flails
 + Level 6.3 Polearms
 + Level 6.3 Staves
 + Level 10.6 Ranged Weapons
 + Level 6.3 Throwing
 + Level 6.3 Armour
 + Level 7.9 Dodging
 + Level 6.8 Stealth
 + Level 6.3 Shields
 + Level 6.3 Unarmed Combat
 + Level 6.3 Spellcasting
 + Level 5.2 Conjurations
 + Level 5.2 Hexes
 + Level 5.2 Summonings
 + Level 5.2 Necromancy
 + Level 5.2 Translocations
 + Level 5.2 Transmutations
 + Level 5.2 Fire Magic
 + Level 5.2 Ice Magic
 + Level 5.2 Air Magic
 + Level 5.2 Earth Magic
 + Level 5.2 Poison Magic
 + Level 7.0 Invocations
 + Level 6.3 Evocations


You had 18 spell levels left.
You knew the following spells:

 Your Spells              Type           Power      Damage    Failure   Level
a - Necrotise             Necr           80%        1d8       1%          1
b - Stone Arrow           Conj/Erth      60%        3d10      6%          3

Your spell library contained the following spells:

 Spells                   Type           Power      Damage    Failure   Level
 Kiss of Death            Conj/Necr      80%        2d11      1%          1
 Sandblast                Erth           60%        2d14      1%          1
 Slow                     Hex            80%        N/A       1%          1
 Passwall                 Tmut/Erth      25%        N/A       3%          2
 Sublimation of Blood     Necr           20%        N/A       3%          2
 Confusing Touch          Hex            20%        N/A       6%          3
 Vampiric Draining        Necr           20%        2d7       6%          3
 Animate Dead             Necr           20%        N/A       21%         4
 Agony                    Necr           20%        N/A       50%         5


Dungeon Overview and Level Annotations

Branches:
Dungeon (10/15)            Temple (1/1) D:5            Lair (0/5) D:9
    Orc: D:9-12

Altars:
Ashenzari
Cheibriados
Dithmenos
Elyvilon
Fedhas
Gozag
Hepliaklqana
Kikubaaqudgha
Makhleb
Nemelex Xobeh
Okawaru
Qazlal
Ru
Sif Muna
Trog
Uskayaw
Vehumet
Wu Jian
Xom
Yredelemnul
Zin
The Shining One

Shops:
D:4 *   D:6 [

Annotations:
D:10 Erolcha


Innate Abilities, Weirdness & Mutations

You have very sharp teeth.
Your uncanny sense of smell can sniff out nearby items.
Your experience applies equally to all skills.


Message History

You feel a surge of power!
The stone arrow hits the troll!!
The troll is almost dead.
The troll bites you! The troll barely misses you. The troll closely misses you.
Unknown command.
Casting: Stone Arrow (dangerous; 6% risk of failure)
Confirm with . or Enter, or press ? or * to list all spells.
Aiming: Stone Arrow (dangerous; 6% risk of failure)
Press: ? - help, Shift-Dir - straight line, f/p - troll
Aim: a troll (almost dead, 74% to hit)
You feel a surge of power!
The stone arrow misses the troll.
The stone arrow hits something!
The troll bites you. The troll claws you!
The troll claws you but does no damage.
Casting: Stone Arrow (dangerous; 6% risk of failure)
Confirm with . or Enter, or press ? or * to list all spells.
Aiming: Stone Arrow (dangerous; 6% risk of failure)
Press: ? - help, Shift-Dir - straight line, f/p - troll
Aim: a troll (almost dead, 74% to hit)
You feel a surge of power!
The stone arrow hits the troll!!
You kill the troll!
Kikubaaqudgha accepts your kill.
Kikubaaqudgha is now protecting you from necromantic miscasts and death curses.
You hear some strange, mumbled words.
Your Invocations skill increases to level 7!
You hear a zap.
Something tries to affect you, but you resist.
You hear a zap.
Something tries to affect you, but you resist.
The now-empty wand crumbles to dust.
Casting: Stone Arrow (dangerous; 6% risk of failure)
Confirm with . or Enter, or press ? or * to list all spells.
Aiming: Stone Arrow (dangerous; 6% risk of failure)
Press: ? - help, Shift-Dir - straight line You feel a surge of power!
The stone arrow hits something!
Something hits you!!!
Ouch! That really hurt!
* * * LOW HITPOINT WARNING * * *
Unknown command.
Something hits you!!
You die...
Kikubaaqudgha rasps: "You have failed me!
Welcome... death!"

.......#.....(...#
.................#.
................... #.
.................##.###..#
....#...............#...>.
. ..#.....(..............#
.....#.......#####......#
∆.#..............##......#
...........@...##......#
...........{............#
#............####.......# #
..............##...#..####.
.......##...............#..
....... ..##......#........
..................##.......
...........................
.#.........................


There were no monsters in sight!

Vanquished Creatures
  A two-headed ogre (D:9)
  Joseph (D:10)
  A gargoyle (D:8)
  A troll (D:10)
  Grinder (D:3)
  A hornet (D:8)
  5 yaks
  2 wyverns (D:9)
  A wraith (D:10)
  2 basilisks (D:9)
  Grum (D:10)
  A steam dragon (D:9)
  2 water moccasins (D:6)
  4 orc warriors
  An ice beast (D:7)
  A black bear (D:5)
  3 wolves (D:10)
  7 centaurs
  2 phantoms (D:6)
  2 bullfrogs
  2 kobold brigands (D:7)
  A gnoll sergeant (D:9)
  2 scorpions
  21 wights
  6 killer bees (D:9)
  2 howler monkeys (D:9)
  6 hounds
  A gnoll bouda (D:6)
  3 orc priests
  8 jellies
  3 iguanas
  4 orc wizards
  12 adders
  9 gnolls
  A shadow imp (D:7)
  4 white imps
  4 worms
  3 dart slugs
  17 orcs
  5 ball pythons
  14 endoplasms
  6 giant cockroaches
  13 goblins
  9 hobgoblins
  2 jackals (D:1)
  8 quokkas
  5 bats
  9 frilled lizards
  14 kobolds
  3 rats (D:2)
237 creatures vanquished.

Notes
Turn   | Place    | Note
-------+----------+-------------------------------------------
     0 | D:1      | billz999 the Gnoll Hunter began the quest for the Orb.
     0 | D:1      | Reached XP level 1. HP: 20/20 MP: 1/1
   120 | D:1      | Reached XP level 2. HP: 26/26 MP: 2/2
   846 | D:2      | Reached XP level 3. HP: 31/31 MP: 3/3
   912 | D:2      | Reached skill level 1 in Invocations
   953 | D:2      | Reached skill level 1 in Short Blades
   953 | D:2      | Reached skill level 1 in Long Blades
   953 | D:2      | Reached skill level 1 in Axes
   953 | D:2      | Reached skill level 1 in Maces & Flails
   953 | D:2      | Reached skill level 1 in Polearms
   953 | D:2      | Reached skill level 1 in Staves
   953 | D:2      | Reached skill level 1 in Throwing
   953 | D:2      | Reached skill level 1 in Armour
   953 | D:2      | Reached skill level 1 in Shields
   953 | D:2      | Reached skill level 1 in Unarmed Combat
   953 | D:2      | Reached skill level 1 in Spellcasting
   953 | D:2      | Reached skill level 1 in Evocations
  1051 | D:2      | Reached XP level 4. HP: 38/38 MP: 5/5
  1245 | D:2      | Reached skill level 1 in Conjurations
  1245 | D:2      | Reached skill level 1 in Hexes
  1245 | D:2      | Reached skill level 1 in Summonings
  1245 | D:2      | Reached skill level 1 in Necromancy
  1245 | D:2      | Reached skill level 1 in Translocations
  1245 | D:2      | Reached skill level 1 in Transmutations
  1245 | D:2      | Reached skill level 1 in Fire Magic
  1245 | D:2      | Reached skill level 1 in Ice Magic
  1245 | D:2      | Reached skill level 1 in Air Magic
  1245 | D:2      | Reached skill level 1 in Earth Magic
  1245 | D:2      | Reached skill level 1 in Poison Magic
  1687 | D:3      | Found a faded altar of an unknown god.
  1761 | D:3      | Reached XP level 5. HP: 43/43 MP: 5/7
  1896 | D:3      | Noticed Grinder
  1907 | D:3      | Killed Grinder
  1908 | D:3      | Reached skill level 5 in Fighting
  1908 | D:3      | Reached skill level 5 in Dodging
  1908 | D:3      | Reached XP level 6. HP: 42/51 MP: 6/9
  2034 | D:3      | Found a stormy altar of Qazlal.
  2083 | D:3      | Found a bloodstained altar of Trog.
  2160 | D:3      | Identified the +7 dagger of the Real Monster {heavy, rElec
                  | rN+ Str+2}
  2548 | D:4      | Reached XP level 7. HP: 56/56 MP: 10/10
  2579 | D:4      | Found Afaobb's Gadget Gallery.
  3049 | D:5      | Entered Level 5 of the Dungeon
  3058 | D:5      | Found a staircase to the Ecumenical Temple.
  3215 | D:5      | Reached skill level 9 in Ranged Weapons
  3585 | D:5      | Found a hide-covered altar of Uskayaw.
  3755 | D:6      | Reached XP level 8. HP: 63/63 MP: 12/12
  4438 | D:6      | Found a blossoming altar of Fedhas.
  4939 | D:6      | Reached XP level 9. HP: 53/69 MP: 14/14
  5217 | D:6      | Found Abriergh's Armour Emporium.
  5225 | D:6      | Bought a +1 helmet of intelligence for 181 gold pieces
  5237 | D:6      | Learned a level 1 spell: Necrotise
  5241 | D:6      | Learned a level 3 spell: Stone Arrow
  5723 | D:7      | Reached skill level 5 in Stealth
  6708 | D:8      | Reached skill level 5 in Invocations
  7001 | D:8      | Noticed a gargoyle
  7592 | D:8      | Killed a gargoyle
  7593 | D:8      | Reached skill level 5 in Short Blades
  7593 | D:8      | Reached skill level 5 in Long Blades
  7593 | D:8      | Reached skill level 5 in Axes
  7593 | D:8      | Reached skill level 5 in Maces & Flails
  7593 | D:8      | Reached skill level 5 in Polearms
  7593 | D:8      | Reached skill level 5 in Staves
  7593 | D:8      | Reached skill level 5 in Throwing
  7593 | D:8      | Reached skill level 5 in Armour
  7593 | D:8      | Reached skill level 5 in Shields
  7593 | D:8      | Reached skill level 5 in Unarmed Combat
  7593 | D:8      | Reached skill level 5 in Spellcasting
  7593 | D:8      | Reached skill level 5 in Evocations
  7593 | D:8      | Reached XP level 10. HP: 42/77 MP: 1/17
  7677 | Temple   | Entered the Ecumenical Temple
  7823 | Temple   | Became a worshipper of Kikubaaqudgha
  7943 | D:8      | Reached skill level 10 in Ranged Weapons
  8370 | D:9      | Found a glowing golden altar of the Shining One.
  8370 | D:9      | Found a basalt altar of Yredelemnul.
  8377 | D:9      | Noticed an angel
  8521 | D:9      | Found a white marble altar of Elyvilon.
  8557 | D:9      | Reached * piety under Kikubaaqudgha
  8557 | D:9      | Received a gift from Kikubaaqudgha
  9004 | D:9      | Found a staircase to the Lair.
  9128 | D:9      | Found an ornate altar of the Wu Jian Council.
  9423 | D:10     | Entered Level 10 of the Dungeon
  9539 | D:10     | Noticed Joseph
  9808 | D:10     | Noticed a two-headed ogre
  9820 | D:9      | Killed a two-headed ogre
  9821 | D:9      | Reached skill level 5 in Conjurations
  9821 | D:9      | Reached skill level 5 in Hexes
  9821 | D:9      | Reached skill level 5 in Summonings
  9821 | D:9      | Reached skill level 5 in Necromancy
  9821 | D:9      | Reached skill level 5 in Translocations
  9821 | D:9      | Reached skill level 5 in Transmutations
  9821 | D:9      | Reached skill level 5 in Fire Magic
  9821 | D:9      | Reached skill level 5 in Ice Magic
  9821 | D:9      | Reached skill level 5 in Air Magic
  9821 | D:9      | Reached skill level 5 in Earth Magic
  9821 | D:9      | Reached skill level 5 in Poison Magic
  9821 | D:9      | Reached XP level 11. HP: 32/85 MP: 0/20
 10118 | D:10     | Killed Joseph
 10295 | D:10     | Noticed Grum
 10299 | D:10     | Killed Grum
 10490 | D:10     | Noticed Erolcha
 10501 | D:10     | Reached ** piety under Kikubaaqudgha
 10507 | D:10     | Mangled by Erolcha

Illustrated notes

Levels and vault maps discovered:
D:1:      minmay_arrival_loop, layout_loops_ring, minmay_crystal_water
D:2:      minmay_razor_zed, layout_basic
D:3:      layout_rooms, lemuel_round_altar, mainiacjoe_overflow_alcove_4,
          dreamdust_ecumenical_altar_statues, uniq_grinder
D:4:      layout_cave_pods, nicolae_shop_gadgets
D:5:      layout_rooms, marbit_many_paths, minmay_temple_entry_slanted
D:6:      layout_basic, fedhas_altar_3, serial_shops, kennysheep_little_box,
          hangedman_minor_gate_pass
D:7:      layout_basic
D:8:      kennysheep_spiral_hall, layout_loops_ring
D:9:      layout_basic, grunt_temple_overflow_holy_war, lemuel_round_altar,
          nicolae_wu_jian_immortal_techniques, david_lair_generic
D:10:     layout_cave_pools, nicolae_fountain_basement, uniq_fannar,
          uniq_joseph, uniq_grum, uniq_erolcha
Temple:   nicolae_temple_superstar

Skill      XL: |  1  2  3  4  5  6  7  8  9 10 11 |
---------------+----------------------------------+-----
Invocations    | 1 2 3 4 5 6 7 |  7.0
Short Blades   | 1 2 3 5 6 |  6.3
Long Blades    | 1 2 3 5 6 |  6.3
Axes           | 1 2 3 5 6 |  6.3
Maces & Flails | 1 2 3 5 6 |  6.3
Polearms       | 1 2 3 5 6 |  6.3
Staves         | 1 2 3 5 6 |  6.3
Throwing       | 1 2 3 5 6 |  6.3
Armour         | 1 2 3 5 6 |  6.3
Shields        | 1 2 3 5 6 |  6.3
Unarmed Combat | 1 2 3 5 6 |  6.3
Spellcasting   | 1 2 3 5 6 |  6.3
Evocations     | 1 2 3 5 6 |  6.3
Conjurations   | 1 2 3 4 5 |  5.2
Hexes          | 1 2 3 4 5 |  5.2
Summonings     | 1 2 3 4 5 |  5.2
Necromancy     | 1 2 3 4 5 |  5.2
Translocations | 1 2 3 4 5 |  5.2
Transmutations | 1 2 3 4 5 |  5.2
Fire Magic     | 1 2 3 4 5 |  5.2
Ice Magic      | 1 2 3 4 5 |  5.2
Air Magic      | 1 2 3 4 5 |  5.2
Earth Magic    | 1 2 3 4 5 |  5.2
Poison Magic   | 1 2 3 4 5 |  5.2
Fighting       | 5 6 7 |  7.9
Dodging        | 5 6 7 |  7.9
Stealth        | 3 4 5 6 |  6.8
Ranged Weapons | 9 10 | 10.6

Action                     |  1- 3 |  4- 6 |  7- 9 | 10-12 || total
---------------------------+-------+-------+-------+-------++-------
  Melee: Shortbow          |       |       |     2 |       ||     2
         Bite              |       |       |     2 |       ||     2
         Staff             |       |       |     2 |     5 ||     7
   Fire: Shortbow          |    65 |   132 |   289 |   105 ||   591
   Cast: Stone Arrow       |       |       |    31 |    70 ||   101
         Necrotise         |       |       |    15 |    14 ||    29
  Evoke: Wand              |       |       |     3 |     3 ||     6
    Use: Scroll            |     1 |       |     9 |       ||    10
         Potion            |       |       |     1 |       ||     1
 Armour: Leather armour    |     2 |    10 |    26 |    27 ||    65
  Dodge: Dodged            |    18 |    27 |   140 |    66 ||   251

Table legend: (Time is in decaauts)
 A = Elapsed time spent in this place.
 B = Non-inter-level travel time spent in this place.
 C = Inter-level travel time spent in this place.
 D = Time resting spent in this place.
 E = Time spent auto-exploring this place.
 F = Levels seen in this place.
 G = Mean time per level.
                   A        B        C        D        E       F      G
               +--------+--------+--------+--------+--------+-----+--------+
         Total |  10533 |   9975 |    558 |   1587 |   6639 |  11 |  957.5 |
       Dungeon |  10380 |   9840 |    540 |   1587 |   6518 |  10 | 1038.0 |
        Temple |    153 |    135 |     18 |      0 |    121 |   1 |  153.0 |
               +--------+--------+--------+--------+--------+-----+--------+

Top non-repeatable levels by time:
     D:6: 1836 daAuts
     D:9: 1802 daAuts
     D:7: 1350 daAuts
     D:8: 1256 daAuts
     D:2: 936 daAuts
     D:1: 838 daAuts
     D:4: 716 daAuts
     D:5: 606 daAuts
     D:3: 583 daAuts
    D:10: 452 daAuts
  Temple: 153 daAuts
